 Dungeon Sprint DCSS version 0.21.1-1-g345015f (webtiles) character file.

627 Savaroth the Cleaver (level 7, 0/75 HPs)
             Began as a Minotaur Berserker on Mar 11, 2018.
             Was a Priest of Trog.
             Slain by Sonja
             ... wielding a +4 short sword of distortion
              (3 damage)
             ... in the Dungeon (Sprint I: "Red Sonja").
             The game lasted 00:02:27 (601 turns).

Savaroth the Cleaver (Minotaur Berserker)            Turns: 601, Time: 00:02:28

Health: 0/75       AC: 10    Str: 23    XL:     7   Next: 23%
Magic:  6/6        EV: 10    Int:  4    God:    Trog [***...]
Gold:   304        SH:  0    Dex: 10    Spells: 6/6 levels left

rFire    . . .     SeeInvis .   a - +0 hand axe
rCold    . . .     Gourm    .   (no shield)
rNeg     . . .     Faith    .   l - +0 chain mail
rPois    .         Spirit   .   (helmet restricted)
rElec    .         Reflect  .   (no cloak)
rCorr    .         Harm     .   (no gloves)
MR       .....     NoTele   +   (no boots)
Stlth    ..........             (no amulet)
HPRegen  0.22/turn              (no ring)
MPRegen  0.10/turn              (no ring)

@: lethally poisoned (0 -> -3), berserk cooldown, slowed, very slow
A: retaliatory headbutt, horns 2
a: Berserk, Trog's Hand, Burn Spellbooks, Renounce Religion


You were in the Dungeon.
You worshipped Trog.
Trog was most pleased with you.
You were not hungry.

You visited 1 branch You collected 304 gold pieces.

Inventory:

Hand Weapons
 a - a +0 hand axe (weapon)
Armour
 b - a +0 animal skin
 l - a +0 chain mail (worn)
Wands
 j - a wand of flame (17)
Scrolls
 i - a scroll of blinking
Potions
 d - a potion of curing
 e - a potion of heal wounds
 f - a potion of haste
 g - 2 potions of magic
 h - a potion of berserk rage


   Skills:
 + Level 11.8 Fighting
 + Level 12.1 Axes
 + Level 7.2 Armour
 + Level 5.7 Dodging


You had 6 spell levels left.
You didn't know any spells.

Dungeon Overview and Level Annotations

Branches:
Dungeon (1/1)

Altars:
Cheibriados
Dithmenos
Elyvilon
Fedhas
Gozag
Hepliaklqana
Kikubaaqudgha
Makhleb
Nemelex Xobeh
Okawaru
Qazlal
Ru
Sif Muna
Trog
Uskayaw
Vehumet
Wu Jian
Xom
Yredelemnul
Zin
The Shining One
Jiyva
Lugonu

Shops:
D :

Annotations:
D Sonja


Innate Abilities, Weirdness & Mutations

You reflexively headbutt those who attack you in melee.
You have a pair of horns on your head.


Message History

You see here a curare-tipped needle.
You feel sick.
There is an open door, spattered with blood here.
You feel sick.
You feel sick.
You feel sick.
Sonja unwields an uncursed blowgun.
Sonja wields an uncursed short sword of distortion.
Its appearance distorts for a moment.
Sonja barely misses you. Sonja hits you but does no damage. x2
Sonja hits you with an uncursed short sword of distortion.
* * * LOW HITPOINT WARNING * * *
Space bends around you.
* * * LOW HITPOINT WARNING * * *
Sonja closely misses you. Sonja barely misses you.
You miss Sonja.
You feel sick.
Sonja hits you with an uncursed short sword of distortion.
* * * LOW HITPOINT WARNING * * *
You feel a strange sense of stasis. Sonja hits you but does no damage. x2
Space bends around you.
You die...

###################
#<.#..)..#..'..#__#
#..'..#..').#..K@.+
#..#####'#####(#__#
#..####..#...#[####
#..#__####..##.#
#..#_____##'#_.+
#⌠⌠#_.∩...'.(._#
####_..__##_.#+#
#_____###'# #######
#.#


You could see Sonja.

Vanquished Creatures
  A slime creature (D)
  Sigmund (D)
  A yak (D)
  An ogre (D)
  A jelly (D)
  Ijyb (D)
6 creatures vanquished.

Notes
Turn   | Place    | Note
-------+----------+-------------------------------------------
     0 | D        | Savaroth the Minotaur Berserker began the quest for the Orb.
     0 | D        | Reached XP level 1. HP: 19/19 MP: 0/0
     1 | D        | Noticed Ijyb
     9 | D        | Killed Ijyb
     9 | D        | Reached skill level 5 in Fighting
     9 | D        | Reached skill level 5 in Axes
     9 | D        | Reached XP level 2. HP: 23/29 MP: 1/1
    43 | D        | Noticed an ogre
    48 | D        | Killed an ogre
    48 | D        | Reached skill level 7 in Axes
    48 | D        | Reached XP level 3. HP: 40/40 MP: 2/2
    48 | D        | Reached XP level 4. HP: 48/48 MP: 3/3
   131 | D        | Noticed Sigmund
   146 | D        | Killed Sigmund
   146 | D        | Reached ** piety under Trog
   146 | D        | Reached skill level 10 in Fighting
   146 | D        | Reached skill level 9 in Axes
   146 | D        | Reached skill level 5 in Armour
   146 | D        | Reached skill level 5 in Dodging
   146 | D        | Reached XP level 5. HP: 36/58 MP: 4/4
   146 | D        | Reached XP level 6. HP: 41/66 MP: 5/5
   274 | D        | Found a burning altar of Makhleb.
   274 | D        | Found a viscous altar of Jiyva.
   274 | D        | Found a shimmering altar of Xom.
   274 | D        | Found a corrupted altar of Lugonu.
   274 | D        | Noticed a slime creature
   286 | D        | Killed a slime creature
   286 | D        | Reached skill level 11 in Axes
   543 | D        | Found an ornate altar of the Wu Jian Council.
   543 | D        | Found a deep blue altar of Sif Muna.
   546 | D        | Found a radiant altar of Vehumet.
   572 | D        | Found Ahuej's Book Emporium.
   572 | D        | Found an ancient bone altar of Kikubaaqudgha.
   572 | D        | Found a hazy altar of Hepliaklqana.
   572 | D        | Found a stormy altar of Qazlal.
   572 | D        | Found a hide-covered altar of Uskayaw.
   572 | D        | Found a blossoming altar of Fedhas.
   572 | D        | Found a bloodstained altar of Trog.
   572 | D        | Found an iron altar of Okawaru.
   572 | D        | Found a basalt altar of Yredelemnul.
   572 | D        | Found a glowing golden altar of the Shining One.
   572 | D        | Found a snail-covered altar of Cheibriados.
   572 | D        | Found a sacrificial altar of Ru.
   572 | D        | Found a glowing silver altar of Zin.
   572 | D        | Found a shadowy altar of Dithmenos.
   572 | D        | Found a white marble altar of Elyvilon.
   572 | D        | Noticed a yak
   577 | D        | Killed a yak
   577 | D        | Reached *** piety under Trog
   577 | D        | Reached skill level 12 in Axes
   577 | D        | Reached XP level 7. HP: 75/75 MP: 6/6
   578 | D        | Found an opulent altar of Gozag.
   579 | D        | Found a sparkling altar of Nemelex Xobeh.
   590 | D        | Noticed Sonja
   601 | D        | HP: 3/75 [Sonja/uncursed short sword of distortion (5)]
   601 | D        | Slain by Sonja

Skill      XL: |  1  2  3  4  5  6 |
---------------+-------------------+-----
Fighting       | 5 7 10 11 | 11.8
Axes           | 5 7 9 12 | 12.1
Armour         | 3 4 5 7 |  7.2
Dodging        | 3 4 5 |  5.7

Action                   |  1- 3 |  4- 6 |  7- 9 || total
-------------------------+-------+-------+-------++-------
Melee: Hand axe          |    11 |    24 |     1 ||    36
       Headbutt          |     3 |     6 |       ||     9
Invok: Berserk           |     2 |     2 |       ||     4
  Eat: Chunk             |       |     1 |       ||     1
       Ration            |       |       |     1 ||     1
Armor: Animal skin       |     1 |       |       ||     1
       Chain mail        |       |     2 |     7 ||     9
Dodge: Dodged            |     2 |     7 |     4 ||    13
